 Dungeon Crawl Stone Soup version 0.31-a0-774-g0d66cbabe8 (webtiles) character file.

Game seed: 780964722106728601

8231 Pooter the Cleaver (level 11, -1/100 (101) HPs)
             Began as a Minotaur Berserker on Sept 17, 2023.
             Was an Elder of Trog.
             Succumbed to an orc's poison
             ... on level 9 of the Dungeon on Sept 18, 2023.
             The game lasted 00:43:42 (8722 turns).

Pooter the Cleaver (Minotaur Berserker)             Turns: 8722, Time: 00:43:43

HP:   -1/100 (101)  AC: 19    Str: 31    XL:     11   Next: 7%
MP:   10/10         EV:  6    Int:  6    God:    Trog [****..]
Gold: 1903          SH: 13    Dex: 11    Spells: 10/10 levels left

rFire   + . .        a - +8 flail "Erghyihew" {heavy, rF+ rC+ rN+}
rCold   + . .        D - +0 tower shield
rNeg    + . .        E - +2 plate armour
rPois   .            (helmet restricted)
rElec   +            (no cloak)
rCorr   .            (no gloves)
SInv    .            B - +1 pair of boots of Too Many Cooks {rElec Dex+2}
Will    .....        m - amulet of faith {!P} Stlth
                     k - +4 ring of protection
HPRegen 0.36/turn    O - +6 ring of strength
MPRegen 0.12/turn

%: faith
@: mighty, lethally poisoned (-1 -> -21), on berserk cooldown, slowed, lightly
drained, very slow
A: horns 2, retaliatory headbutt
a: Renounce Religion, Berserk, Trog's Hand, Brothers in Arms


You were on level 9 of the Dungeon.
You worshipped Trog.
Trog was greatly pleased with you.
You visited 1 branch of the dungeon, and saw 9 of its levels.
You also visited: Ossuary and Bailey.

You collected 1903 gold pieces.

Inventory:

Hand Weapons
 a - the +8 flail "Erghyihew" (weapon) {heavy, rF+ rC+ rN+}
   (You found it on level 6 of the Dungeon)

   rF+:       It protects you from fire.
   rC+:       It protects you from cold.
   rN+:       It protects you from negative energy.
 b - a +0 sling
   (You found it on level 1 of the Dungeon)
 o - a +4 war axe of freezing
   (You took it off a wight on level 8 of the Dungeon)
 J - a +0 war axe
   (You found it on level 2 of the Dungeon)
 L - a +4 trident of draining
   (You took it off Jeremiah on level 7 of the Dungeon)
 P - a +0 orcbow of freezing
   (You took it off a centaur on level 9 of the Dungeon)
Missiles
 j - 5 javelins
 p - 27 poisoned darts
 A - 20 boomerangs (quivered)
 H - 7 curare-tipped darts
 M - 8 datura-tipped darts
 Q - 106 stones
Armour
 B - the +1 pair of boots of Too Many Cooks (worn) {rElec Dex+2}
   (You acquired it on level 8 of the Dungeon)

   Dex+2:     It affects your dexterity (+2).
   rElec:     It insulates you from electricity.
 D - a +0 tower shield (worn)
   (You found it on level 4 of the Dungeon)
 E - a +2 plate armour (worn)
   (You found it on level 8 of the Dungeon)
Jewellery
 k - a +4 ring of protection (left hand)
   (You found it on level 2 of the Dungeon)
 m - an amulet of faith (around neck) {!P}
   (You found it on level 2 of the Dungeon)
 I - a +4 ring of protection
   (You found it on level 6 of the Dungeon)
 N - a ring of positive energy
   (You found it on level 8 of the Dungeon)
 O - a +6 ring of strength (right hand)
   (You found it on level 9 of the Dungeon)
Wands
 f - a wand of flame (10)
   (You took it off a wight on level 8 of the Dungeon)
 w - a wand of roots (6)
   (You took it off Psyche on level 8 of the Dungeon)
Scrolls
 d - a scroll of fog
 l - a scroll of immolation {!r}
 t - a scroll of teleportation {@r4}
 y - a scroll of revelation
 F - a scroll of noise {!r}
 K - a scroll of poison {!r}
Potions
 c - 3 potions of lignification {!q}
 e - 7 potions of curing {@q1}
 g - 2 potions of mutation {!q}
 h - 2 potions of berserk rage {unknown}
 n - 5 potions of haste {@q3}
 q - 5 potions of heal wounds {@q2}
 r - a potion of attraction {unknown}
 s - 2 potions of cancellation {unknown}
 u - a potion of magic {unknown}
 x - 2 potions of invisibility
 z - 2 potions of might
 C - a potion of degeneration {unknown}
 G - a potion of brilliance {unknown}


   Skills:
 + Level 10.4 Fighting
 - Level 10.6(12.1) Axes
 * Level 9.5(11.6) Maces & Flails
 + Level 8.8 Ranged Weapons
 - Level 2.4 Armour
 - Level 2.1 Dodging
 + Level 6.6 Shields


You had 10 spell levels left.
You didn't know any spells.
Your spell library was empty.

Dungeon Overview and Level Annotations

Branches:
Dungeon (9/15) Zot: 25791  Temple (0/1) D:6            Lair (0/5) D:8
Ossuary (visited)          Bailey (visited)
    Orc: D:9-12

Altars:
Ashenzari
Dithmenos
Elyvilon
Gozag
Nemelex Xobeh
Qazlal
Trog
Vehumet
Wu Jian
Xom
Zin

Annotations:
D:9 2 transporters, exclusion: ice statue, osoart's ghost, novice OpSh


Innate Abilities, Weirdness & Mutations

You have a pair of horns on your head.
You reflexively headbutt those who attack you in melee.


Message History

The orc hits you but does no damage.
You are more poisoned.
The orc hits you with a +0 hand axe. The orc hits you but does no damage.
You are more poisoned.
The orc hits you but does no damage. The wight hits you with a +0 spear.
You partially resist.
You feel drained.
You bludgeon the wight!!
You destroy the wight!
Trog accepts your kill.
You feel extremely sick.
You block the orc's attack. x2; The orc hits you but does no damage.
You block the orc's attack. The orc hits you but does no damage.
You are more poisoned.
The wight hits you with a +3 battleaxe.
* * * LOW HITPOINT WARNING * * *
The orc closely misses you.
You feel very mighty all of a sudden.
You feel extremely sick. The wight hits you but does no damage.
A wraith comes into view.
The orc hits you but does no damage. You block the orc's attack.
The orc hits you with a +0 hand axe.
* * * LOW HITPOINT WARNING * * *
You block the orc's attack. x2; The orc barely misses you.
You furiously retaliate!
You headbutt the orc.
You kill the orc!
Trog accepts your kill. The wight closely misses you. You furiously retaliate!
You headbutt the wight! You barely miss the wight. You headbutt the wight.
You destroy the wight!
Trog accepts your kill.
You feel extremely sick. The orc hits you but does no damage. x2
You are more poisoned.
The orc hits you with a +1 dagger of venom.
* * * LOW HITPOINT WARNING * * *
You are more poisoned.
You block the orc's attack.
You beat the orc like a drum!!!
You kill the orc!
Trog accepts your kill.
* * * LOW HITPOINT WARNING * * *
You feel extremely sick.
You block the orc's attack. x2; The wraith hits you.
* * * LOW HITPOINT WARNING * * *
Okay, then.
You sock the orc!
You kill the orc!
Trog accepts your kill.
You die...

# #. ### ##'# ..#
##...# #.#
##.....## ####.#
#.....W)## ##.##.#
......)@.####...#.#
......)))'......).#
...>.....####...#)#
#.......## ##.##.#
... ##.....##
####.# #.# ##...#
#)# #.# ##+# #.#
#.# #.# #.# #.# #.#
#.#


You could see a wraith.

Vanquished Creatures
  Gastronok (D:9)
  A cane toad (D:7)
  Psyche (D:8)
  Jeremiah (D:7)
  Sigmund (D:4)
  2 wyverns
  Grum (D:9)
  A steam dragon (D:7)
  4 yaks (D:8)
  A water moccasin (D:6)
  6 orc warriors
  3 ice beasts
  5 black bears
  4 wolves
  A centaur (D:9)
  5 ogres
  A phantom (D:4)
  8 kobold brigands
  5 bullfrogs
  4 scorpions
  9 wights
  6 killer bees
  5 howler monkeys
  4 centaur zombies (Ossuary)
  A jelly (D:6)
  3 orc priests
  3 orc wizards
  3 sleepcaps
  Natasha (thrice) (D:4)
  6 mummies (Ossuary)
  2 gnolls (D:4)
  6 adders
  A shadow imp (D:8)
  2 white imps
  3 worms
  4 dart slugs
  22 orcs
  6 ball pythons
  4 endoplasms
  8 goblins
  5 hobgoblins
  23 kobolds
  4 quokkas
  5 hobgoblin zombies (Ossuary)
  5 rats
199 creatures vanquished.

Vanquished Creatures (collateral kills)
  An orc priest (D:9)
  An orc wizard (D:9)
2 creatures vanquished.

Vanquished Creatures (others)
  An orc warrior (D:9)
  An orc (D:9)
2 creatures vanquished.

Grand Total: 203 creatures vanquished

Notes
Turn   | Place    | Note
-------+----------+-------------------------------------------
     0 | D:1      | Pooter the Minotaur Berserker began the quest for the Orb.
     0 | D:1      | Reached XP level 1. HP: 19/19 MP: 0/0
   397 | D:1      | Reached XP level 2. HP: 23/27 MP: 1/1
   615 | D:1      | You fall into a shaft and drop 1 floor!
   615 | D:2      | Found a stormy altar of Qazlal.
   766 | D:2      | Reached XP level 3. HP: 32/33 MP: 2/2
   789 | D:2      | Reached skill level 1 in Ranged Weapons
  1655 | D:3      | Reached skill level 5 in Axes
  1655 | D:3      | Reached XP level 4. HP: 41/41 MP: 3/3
  1661 | D:3      | Found a bloodstained altar of Trog.
  1666 | D:3      | Found a shadowy altar of Dithmenos.
  1676 | D:3      | Reached ** piety under Trog
  1735 | D:3      | Found a white marble altar of Elyvilon.
  1849 | D:3      | Found an opulent altar of Gozag.
  2173 | D:4      | Found a sand-covered staircase.
  2184 | Ossuary  | Entered an ossuary
  2194 | Ossuary  | Reached XP level 5. HP: 47/47 MP: 4/4
  2272 | Ossuary  | Reached skill level 5 in Fighting
  2314 | Ossuary  | Reached XP level 6. HP: 56/56 MP: 5/5
  2386 | D:4      | Found a sparkling altar of Nemelex Xobeh.
  2399 | D:4      | Found a broken altar of Ashenzari.
  2577 | D:4      | Noticed Sigmund
  2909 | D:4      | Killed Sigmund
  2910 | D:4      | Reached XP level 7. HP: 63/63 MP: 6/6
  3108 | D:4      | Noticed Natasha
  3114 | D:4      | Killed Natasha
  3297 | D:4      | Found a shimmering altar of Xom.
  3365 | D:4      | Found an ornate altar of the Wu Jian Council.
  3425 | D:4      | Noticed Natasha
  3432 | D:4      | Killed Natasha
  3502 | D:4      | Noticed Natasha
  3512 | D:4      | Killed Natasha
  3536 | D:5      | Entered Level 5 of the Dungeon
  4277 | D:4      | Reached XP level 8. HP: 71/71 MP: 7/7
  4341 | D:5      | Reached skill level 5 in Ranged Weapons
  4823 | D:6      | Reached *** piety under Trog
  5131 | D:6      | Reached skill level 10 in Axes
  5445 | D:6      | Reached XP level 9. HP: 69/81 MP: 8/8
  5485 | D:6      | Identified the +8 flail "Erghyihew" {heavy, rF+ rC+ rN+}
  5560 | D:6      | Found a staircase to the Ecumenical Temple.
  5571 | D:6      | Found a radiant altar of Vehumet.
  5807 | D:7      | Noticed Jeremiah
  5813 | D:7      | Killed Jeremiah
  5814 | D:7      | Reached skill level 1 in Shields
  6070 | D:7      | Found a flagged portal.
  6091 | Bailey   | Entered a bailey
  6230 | Bailey   | Reached skill level 5 in Maces & Flails
  6408 | Bailey   | Found an iron altar of Okawaru.
  6875 | D:8      | Reached **** piety under Trog
  6884 | D:8      | Reached XP level 10. HP: 86/91 MP: 9/9
  6979 | D:8      | Identified a scroll of acquirement
  6979 | D:8      | Acquired the +1 pair of boots of Too Many Cooks {rElec
                  | Dex+2}
  7037 | D:8      | Found a glowing silver altar of Zin.
  7037 | D:8      | Noticed an angel
  7057 | D:8      | Noticed Psyche
  7075 | D:8      | an orc warrior changed into a cane toad
  7075 | D:8      | Noticed a cane toad
  7081 | D:7      | Killed a cane toad
  7154 | D:8      | Killed Psyche
  7269 | D:8      | Reached skill level 5 in Shields
  7530 | D:8      | Noticed Grum
  7703 | D:9      | Killed Grum
  7713 | D:9      | Reached skill level 10 in Fighting
  7877 | D:8      | Found a staircase to the Lair.
  8151 | D:9      | Found a transporter.
  8156 | D:9      | Noticed a wizard
  8156 | D:9      | Noticed osoart's ghost (novice OpSh)
  8157 | D:9      | Noticed a brown ugly thing
  8163 | D:9      | Found a transporter.
  8180 | D:9      | Noticed an ice statue
  8697 | D:9      | Noticed Gastronok
  8708 | D:9      | Killed Gastronok
  8709 | D:9      | Reached XP level 11. HP: 101/101 MP: 10/10
  8722 | D:9      | Succumbed to an orc's poison

Illustrated notes

Levels and vault maps discovered:
D:1:      minmay_arrival_four_houses, layout_basic, moated_statue,
          hangedman_decor_opposing
D:2:      layout_basic, basic_altar, kennysheep_generic_room_16
D:3:      layout_loops_ring, grunt_gozag_statues,
          mainiacjoe_overflow_surrounded_room, nicolae_overflow_squiral
D:4:      layout_rooms, pdpol_wu_jian_five_deadly_venoms,
          ashenzari_conservatory_becter, tgw_xom,
          nemelex_xobeh_ov_fountains_minmay, nicolae_ossuary_entry_monument,
          uniq_natasha, uniq_sigmund
D:5:      layout_rooms
D:6:      layout_cave_pods, mainiacjoe_overflow_catwalk,
          minmay_temple_entry_statues_pillars
D:7:      layout_cave_pools, enter_bailey_4, corexii_leaking_fountain,
          uniq_jeremiah
D:8:      layout_basic, zin_angel, grunt_lair_entry_orc_guard_hut, uniq_grum,
          uniq_psyche
D:9:      layout_loops_corners, nzn_ghost_randoct, grunt_decor_arrowhead,
          uniq_gastronok

Skill      XL: |  1  2  3  4  5  6  7  8  9 10 |
---------------+-------------------------------+-----
Axes           | 4 5 6 7 8 10 | 10.6
Fighting       | 4 5 6 8 9 10 | 10.4
Ranged Weapons | 1 2 3 4 6 7 8 |  8.8
Maces & Flails | 6 9 |  9.5
Shields        | 4 6 |  6.6
Armour         | |  2.4
Dodging        | |  2.1

Action                     |  1- 3 |  4- 6 |  7- 9 | 10-12 || total
---------------------------+-------+-------+-------+-------++-------
  Melee: Hand axe          |    31 |       |       |       ||    31
         Headbutt          |    12 |    13 |    35 |    13 ||    73
         War axe           |    23 |    70 |   100 |       ||   193
         Punch             |       |     1 |       |       ||     1
         Flail             |       |       |   103 |    96 ||   199
   Fire: Sling             |    26 |    23 |    34 |     4 ||    87
  Throw: Javelin           |     3 |       |     6 |       ||     9
         Boomerang         |       |       |       |     8 ||     8
         Dart              |       |       |       |     6 ||     6
 Invoke: Berserk           |       |     4 |     9 |     5 ||    18
         Trog's Hand       |       |     2 |     4 |     3 ||     9
  Evoke: Wand              |       |       |       |     2 ||     2
    Use: Scroll            |       |     2 |     6 |    14 ||    22
         Potion            |       |       |     1 |     1 ||     2
 Armour: Animal skin       |    10 |       |       |       ||    10
         Troll leather arm |     8 |       |       |       ||     8
         Skin              |     3 |       |       |       ||     3
         Chain mail        |    21 |    62 |   270 |    31 ||   384
         Plate armour      |       |       |       |   107 ||   107
  Dodge: Dodged            |    35 |    53 |    72 |    27 ||   187
  Block: Tower shield      |       |       |   180 |   100 ||   280

Table legend: (Time is in decaauts)
 A = Elapsed time spent in this place.
 B = Non-inter-level travel time spent in this place.
 C = Inter-level travel time spent in this place.
 D = Time resting spent in this place.
 E = Time spent auto-exploring this place.
 F = Levels seen in this place.
 G = Mean time per level.
                   A        B        C        D        E       F      G
               +--------+--------+--------+--------+--------+-----+--------+
         Total |   9114 |   8966 |    148 |   2713 |   4390 |  11 |  828.5 |
       Dungeon |   8466 |   8318 |    148 |   2452 |   4300 |   9 |  940.7 |
       Ossuary |    216 |    216 |      0 |     98 |     13 |   1 |  216.0 |
        Bailey |    431 |    431 |      0 |    162 |     76 |   1 |  431.0 |
               +--------+--------+--------+--------+--------+-----+--------+

Top non-repeatable levels by time:
     D:4: 1510 daAuts
     D:6: 1157 daAuts
     D:3: 1059 daAuts
     D:9: 1001 daAuts
     D:8: 884 daAuts
     D:1: 850 daAuts
     D:7: 792 daAuts
     D:5: 631 daAuts
     D:2: 580 daAuts
  Bailey: 431 daAuts
 Ossuary: 216 daAuts
